 Dungeon Crawl Stone Soup version 0.22-a0-617-g6d95e9e (webtiles) character file.

1208 Hebeh the Conjurer (level 8, -1/41 HPs)
             Began as a Deep Elf Fire Elementalist on July 12, 2018.
             Was a Follower of Vehumet.
             Slain by Duvessa
             ... wielding a +0 short sword
              (15 damage)
             ... on level 5 of the Dungeon on July 13, 2018.
             The game lasted 00:28:30 (6275 turns).

Hebeh the Conjurer (Deep Elf Fire Elementalist)     Turns: 6275, Time: 00:28:31

Health: -1/41      AC:  6    Str:  5    XL:     8   Next: 21%
Magic:  5/19       EV: 13    Int: 26    God:    Vehumet [*.....]
Gold:   271        SH:  0    Dex: 15    Spells: 5/19 levels left

rFire    . . .     SeeInvis .   b - +0 hunting sling
rCold    . . .     Gourm    .   (no shield)
rNeg     + . .     Faith    .   h - +0 robe
rPois    .         Spirit   .   o - +1 helmet {Int+3}
rElec    .         Reflect  .   (no cloak)
rCorr    .         Harm     .   y - +0 pair of gloves
MR       .....                  j - +0 pair of boots
Stlth    ++........             (no amulet)
HPRegen  0.13/turn              e - ring of positive energy
MPRegen  0.16/turn              B - +2 ring of slaying

@: no status effects
A: no striking features
a: Renounce Religion


You were on level 5 of the Dungeon.
You worshipped Vehumet.
Vehumet was aware of your devotion.
You were hungry.

You visited 2 branches of the dungeon, and saw 6 of its levels.

You collected 271 gold pieces.

Inventory:

Hand Weapons
 a - a +2 short sword of venom
 b - a +0 hunting sling (weapon)
 F - a +2 war axe of electrocution
Missiles
 i - 121 stones
 n - 16 arrows
 s - 18 sling bullets (quivered)
 z - 13 tomahawks
 E - a throwing net
 G - 3 exploding tomahawks
Armour
 h - a +0 robe (worn)
 j - a +0 pair of boots (worn)
 o - a +1 helmet of intelligence (worn)
 y - a +0 pair of gloves (worn)
Jewellery
 e - a ring of positive energy (left hand)
 B - a +2 ring of slaying (right hand)
Wands
 x - a wand of random effects (30)
 A - a wand of iceblast (14)
 H - a wand of flame (20)
 I - a wand of digging (13)
Scrolls
 g - a scroll of fear
 k - 7 scrolls of identify {unknown}
 l - a scroll of noise {unknown}
 t - a scroll of enchant weapon {unknown}
 u - a scroll of remove curse {unknown}
 v - 2 scrolls of enchant armour {unknown}
 w - a scroll of random uselessness {unknown}
 C - a scroll of magic mapping {unknown}
Potions
 d - 2 potions of mutation {unknown}
 f - a potion of cancellation {unknown}
 m - a potion of curing {unknown}
 p - a potion of haste {unknown}
 q - 2 potions of flight {unknown}
 r - a potion of agility
 D - a potion of brilliance {unknown}
Comestibles
 c - 6 rations


   Skills:
 - Level 2.4 Dodging
 - Level 2.4 Stealth
 + Level 6.4 Spellcasting
 * Level 6.9 Conjurations
 + Level 3.6 Hexes
 * Level 6.7 Fire Magic


You had 5 spell levels left.
You knew the following spells:

 Your Spells              Type           Power        Failure   Level  Hunger
a - Flame Tongue          Conj/Fire      #####        1%          1    None
b - Throw Flame           Conj/Fire      #####.       1%          2    None
c - Conjure Flame         Conj/Fire      #####...     1%          3    None
d - Inner Flame           Hex/Fire       #####...     2%          3    None
e - Fireball              Conj/Fire      #####.....   11%         5    #####..

Your spell library contained the following spells:

 Spells                   Type           Power        Failure   Level  Hunger
 Sticky Flame             Conj/Fire      #####...     4%          4    ###....


Dungeon Overview and Level Annotations

Branches:
Dungeon (5/15)             Temple (1/1) D:4

Altars:
Ashenzari
Cheibriados
Elyvilon
Gozag
Kikubaaqudgha
Ru
Uskayaw
Vehumet
Xom
Zin

Annotations:
D:5 Duvessa, Edmund


Message History

The flame tongue hits Duvessa.
Duvessa appears unharmed.
Duvessa is moderately wounded.
Duvessa closely misses you. Duvessa hits you but does no damage.
Casting: Flame Tongue (safe; 1% risk of failure)
Confirm with . or Enter, or press ? or * to list all spells.
Aiming: Flame Tongue (safe; 1% risk of failure)
Press: ? - help, Shift-Dir - straight line, f/p - Duvessa
Aim: Duvessa, wielding a short sword and wearing a shiny scale mail (moderately wounded, berserk, fast, unusually strong)
The flame tongue hits Duvessa.
Duvessa resists.
Duvessa is moderately wounded.
Duvessa barely misses you.
Casting: Flame Tongue (safe; 1% risk of failure)
Confirm with . or Enter, or press ? or * to list all spells.
Aiming: Flame Tongue (safe; 1% risk of failure)
Press: ? - help, Shift-Dir - straight line, f/p - Duvessa
Aim: Duvessa, wielding a short sword and wearing a shiny scale mail (moderately wounded, berserk, fast, unusually strong)
The flame tongue hits Duvessa.
Duvessa appears unharmed.
Duvessa is moderately wounded.
Duvessa hits you with a short sword! x2
You die...

#...###.##.# .. #.#.###.#
.###..## #.# #. .....## #.# #.
.##### #.###### #.
.#########......# . #.
........#######.# .. #.
#.......#######.#######...######.
#.......#..)....@..............#.
#.<.........#..e.................
#.........#.#..##....[....>....#.
#.........#.#..##.###......#####.
#..............##.# #... ##
#####.###.#.##.##<# .. #.#
#.#.##.##.# ... ....##.##.#
.#........ ..#


You could see Duvessa (berserk).

Vanquished Creatures
  Sigmund (D:4)
  Eustachio (D:5)
  An ogre (D:4)
  Dowan (D:5)
  A water moccasin skeleton (D:5)
  2 vampire bats (D:4)
  3 orc priests (D:4)
  A bullfrog skeleton (D:4)
  A centaur skeleton (D:5)
  Terence (D:2)
  Jessica (D:2)
  Natasha (thrice) (D:2)
  6 orc wizards
  2 worker ants (D:4)
  4 adders
  A shadow imp (D:5)
  An adder skeleton (D:5)
  7 worms
  3 dart slugs
  2 leopard geckos
  21 orcs
  3 ball pythons
  6 giant cockroaches
  5 goblins
  9 hobgoblins
  2 jackals (D:1)
  3 quokkas
  9 bats
  2 frilled lizards
  10 kobolds
  9 rats
122 creatures vanquished.

Notes
Turn   | Place    | Note
-------+----------+-------------------------------------------
     0 | D:1      | Hebeh the Deep Elf Fire Elementalist began the quest for the Orb.
     0 | D:1      | Reached XP level 1. HP: 10/10 MP: 6/6
   239 | D:1      | Reached XP level 2. HP: 15/15 MP: 6/8
   890 | D:1      | Reached XP level 3. HP: 19/19 MP: 10/10
  1293 | D:2      | Noticed Natasha
  1296 | D:2      | Killed Natasha
  1554 | D:2      | Found an opulent altar of Gozag.
  1625 | D:2      | Reached XP level 4. HP: 19/24 MP: 6/11
  1639 | D:2      | Noticed Natasha
  1656 | D:2      | Learned a level 2 spell: Throw Flame
  1660 | D:2      | Learned a level 3 spell: Conjure Flame
  1664 | D:2      | Learned a level 3 spell: Inner Flame
  1773 | D:2      | Killed Natasha
  1928 | D:2      | Noticed Jessica
  1930 | D:2      | Killed Jessica
  2015 | D:2      | Noticed Terence
  2019 | D:2      | Killed Terence
  2019 | D:2      | Reached XP level 5. HP: 24/28 MP: 8/13
  2258 | D:2      | Found a sacrificial altar of Ru.
  2752 | D:2      | Noticed Natasha
  2754 | D:2      | Killed Natasha
  3420 | D:3      | Reached XP level 6. HP: 32/32 MP: 10/15
  3423 | D:3      | Reached skill level 5 in Spellcasting
  4016 | D:4      | Reached skill level 5 in Conjurations
  4086 | D:4      | Reached skill level 1 in Hexes
  4086 | D:4      | Reached skill level 5 in Fire Magic
  4311 | D:4      | Found a staircase to the Ecumenical Temple.
  4426 | Temple   | Entered the Ecumenical Temple
  4456 | Temple   | Became a worshipper of Vehumet
  4542 | D:4      | Reached XP level 7. HP: 36/36 MP: 14/17
  4634 | D:4      | Found a glowing silver altar of Zin.
  4662 | D:4      | Found a shattered altar of Ashenzari.
  5239 | D:4      | Noticed Sigmund
  5243 | D:4      | Killed Sigmund
  5429 | D:4      | Reached * piety under Vehumet
  5429 | D:4      | Offered knowledge of Sandblast by Vehumet.
  5665 | D:4      | Learned a level 5 spell: Fireball
  5674 | D:5      | Entered Level 5 of the Dungeon
  5728 | D:5      | Found a white marble altar of Elyvilon.
  5731 | D:5      | Noticed Eustachio
  5741 | D:5      | Killed Eustachio
  5741 | D:5      | Reached XP level 8. HP: 34/41 MP: 9/19
  5828 | D:5      | Noticed Duvessa
  5828 | D:5      | Noticed Dowan
  5857 | D:5      | Killed Dowan
  6041 | D:5      | Noticed Edmund
  6275 | D:5      | Slain by Duvessa

Vault maps used:
D:1:      lemuel_arrival_tunnels
D:2:      nicolae_overflow_crystal_walls, nicolae_ru_awakened_eye, minivault_27,
          uniq_natasha, uniq_terence, uniq_jessica
D:4:      ashenzari_altar_1, lemuel_coloured_pillars_altar,
          minmay_temple_entry_steel_oval, roderic_batcave, uniq_sigmund
D:5:      minmay_diamond_boxcup, lemuel_doored_altar, first_ration,
          minivault_23, uniq_edmund, uniq_duvessa, uniq_eustachio
Temple:   oiseaux_autumnal_temple

Skill      XL: |  1  2  3  4  5  6  7 |
---------------+----------------------+-----
Conjurations   | 2 3 4 5 6 |  6.9
Spellcasting   | 4 5 6 |  6.4
Fire Magic     | 4 5 6 |  6.7
Hexes          | 1 3 |  3.6
Dodging        | |  2.4
Stealth        | |  2.4

Action                   |  1- 3 |  4- 6 |  7- 9 || total
-------------------------+-------+-------+-------++-------
Melee: Hunting sling     |       |       |     1 ||     1
 Fire: Hunting sling     |    25 |    62 |    23 ||   110
Throw: Tomahawk          |       |       |     3 ||     3
 Cast: Flame Tongue      |    40 |    96 |    90 ||   226
       Throw Flame       |       |    13 |    14 ||    27
       Conjure Flame     |       |     1 |     2 ||     3
  Use: Scroll            |       |       |     2 ||     2
  Eat: Chunk             |     2 |     9 |     1 ||    12
       Ration            |       |       |     1 ||     1
Armor: Robe              |       |     8 |    11 ||    19
Dodge: Dodged            |     4 |    26 |    29 ||    59

Table legend:
 A = Spawn XP
 B = Non-spawn XP
 C = Spawn XP percentage of total XP
 D = Spawn monster count
 E = Non-spawn monster count
 F = Spawn count percentage of total count
 G = Total turns spent on level
                    A         B        C        D         E        F      G
               +---------+---------+-------+---------+---------+-------+---------
         Total |       0 |    1727 |   0.0 |       0 |     122 |   0.0 |  6275
               +---------+---------+-------+---------+---------+-------+---------
           D:1 |       0 |      46 |   0.0 |       0 |      23 |   0.0 |  1293
           D:2 |       0 |     258 |   0.0 |       0 |      29 |   0.0 |  1701
           D:3 |       0 |     111 |   0.0 |       0 |      25 |   0.0 |   985
           D:4 |       0 |     920 |   0.0 |       0 |      38 |   0.0 |  1892
           D:5 |       0 |     392 |   0.0 |       0 |       7 |   0.0 |   350
               +---------+---------+-------+---------+---------+-------+---------
